 Dungeon Crawl Stone Soup version 0.30-a0-739-gea05faddec (webtiles) character file.

Game seed: 5303251575479861336

70 voltaire321 the Stinger (level 4, -1/28 HPs)
             Began as an Octopode Venom Mage on Feb 5, 2023.
             Killed from afar by an orc wizard (7 damage)
             ... with a magic dart
             ... on level 3 of the Dungeon.
             The game lasted 00:06:58 (1601 turns).

voltaire321 the Stinger (Octopode Venom Mage)       Turns: 1601, Time: 00:06:58

Health: -1/28      AC:  1    Str:  7    XL:     4   Next: 21%
Magic:  6/7        EV: 13    Int: 25    God:
Gold:   62         SH:  0    Dex: 12    Spells: 4/7 levels left

rFire   . . .      SeeInvis .    g - +4 falchion
rCold   . . .      Faith    .    (no shield)
rNeg    + . .      Spirit   .    (helmet restricted)
rPois   .          Reflect  .    o - amulet of magic regeneration
rElec   .          Harm     .    c - +6 ring of intelligence
rCorr   .          Rampage  .    d - ring of positive energy
Will    .....                    (no ring)
Stlth   +++                      (no ring)
HPRegen 0.24/turn                (no ring)
MPRegen 0.50/turn                (no ring)
                                 (no ring)
                                 (no ring)

@: no status effects
A: almost no armour, amphibious, 8 rings, camouflage 1, gelatinous body 1,
(nimble swimmer 1), tentacles
a: no special abilities


You were on level 3 of the Dungeon.
You visited 1 branch of the dungeon, and saw 3 of its levels.

You collected 82 gold pieces.
You spent 20 gold pieces at shops.

Inventory:

Hand Weapons
 f - a +0 dagger
 g - a +4 falchion (weapon)
Jewellery
 c - a +6 ring of intelligence (left tentacle)
 d - a ring of positive energy (right tentacle)
 o - an amulet of magic regeneration (around mantle)
Wands
 q - a wand of charming (10)
Scrolls
 b - 3 scrolls of identify
 h - a scroll of summoning {unknown}
 i - a scroll of blinking {unknown}
 j - a scroll of amnesia {unknown}
 k - 2 scrolls of teleportation {unknown}
 l - a scroll of fog {unknown}
 n - a scroll of magic mapping {unknown}
 p - a scroll of enchant weapon {unknown}
Potions
 a - a potion of magic
 e - a potion of curing
 m - a potion of degeneration {unknown}
 r - 2 potions of might {unknown}


   Skills:
 + Level 1.2 Fighting
 + Level 2.4 Dodging
 + Level 3.4 Stealth
 + Level 2.3 Spellcasting
 + Level 1.8 Transmutations
 + Level 0.3 Air Magic
 + Level 4.1 Poison Magic


You had 4 spell levels left.
You knew the following spells:

 Your Spells              Type           Power      Damage    Failure   Level
a - Sting                 Tmut/Pois      68%        1d6       3%          1
b - Poisonous Vapours     Pois/Air       28%        N/A       6%          2

Your spell library contained the following spells:

 Spells                   Type           Power      Damage    Failure   Level
 Mephitic Cloud           Conj/Pois/Air  10%        N/A       17%         3
 Olgreb's Toxic Radiance  Pois           23%        N/A       21%         4
 Dazzling Flash           Conj/Hex       4%         N/A       32%         3
 Silence                  Hex/Air        1%         N/A       95%         5
 Agony                    Necr           2%         N/A       96%         5


Dungeon Overview and Level Annotations

Branches:
Dungeon (3/15)

Altars:

Shops:
D:1 *!(


Innate Abilities, Weirdness & Mutations

You cannot wear most types of armour.
You are amphibious.
You can wear up to eight rings at the same time.
Your skin changes colour to match your surroundings (Stealth+).
Your rubbery body absorbs attacks. (AC +1, EV +1)
((You are camouflaged when in or above water. (Stealth+)))
You have tentacles for arms and can constrict up to eight enemies at once.


Message History

Aiming: Sting (safe; 3% risk of failure)
Press: ? - help, Q - select action, (/) - cycle Shift-Dir - straight line, f - orc priest
Aim: an orc priest, wielding a +0 short sword (74% to hit)
The sting hits something.
Something hits you.
Aiming: Sting (safe; 3% risk of failure)
Press: ? - help, Q - select action, (/) - cycle Shift-Dir - straight line, f/p - orc priest
Aim: an orc priest, wielding a +0 short sword (74% to hit)
The sting hits the orc priest.
The orc priest is poisoned.
The orc priest is moderately wounded.
Something hits you.
Aiming: Sting (safe; 3% risk of failure)
Press: ? - help, Q - select action, (/) - cycle Shift-Dir - straight line, f/p - orc priest
Aim: an orc priest, wielding a +0 short sword (moderately wounded, poisoned, 74% to hit)
The sting hits something.
Something hits you. The orc hits you with a +0 dagger.
* * * LOW HITPOINT WARNING * * *
Aiming: Sting (safe; 3% risk of failure)
Press: ? - help, Q - select action, (/) - cycle Shift-Dir - straight line, f/p - orc priest
Aim: an orc priest, wielding a +0 short sword (moderately wounded, poisoned, 74% to hit)
The sting hits the orc but does no damage.
The orc is poisoned.
The orc misses you. Something hits you.
* * * LOW HITPOINT WARNING * * *
You hit the orc but do no damage. Your grab misses the orc.
The orc is moderately wounded.
The orc hits you but does no damage.
You hit the orc but do no damage. Your grab misses the orc.
The orc is moderately wounded.
The orc barely misses you.
Aiming: Sting (safe; 3% risk of failure)
Press: ? - help, Q - select action, (/) - cycle Shift-Dir - straight line, f/p - orc priest
Aim: an orc priest, wielding a +0 short sword (heavily wounded, poisoned, 74% to hit)
The sting hits the orc priest.
The orc priest looks even sicker.
The orc priest is almost dead.
You kill the orc priest!
You hear some strange, mumbled words.
A magic dart appears from out of thin air!
The magic dart hits you!
You die...

### ..# #.# #[#
#.##############.# #
#......@{o.......##.###
#.#######).......<....#
#)###.##.####.#
##.###.##.# #...##.##.#
...oo...#.##.##.#
#...o........##.#
#..############.. [?
#..


You could see an orc (poisoned).

Vanquished Creatures
  An orc priest (D:3)
  2 adders (D:2)
  A worm (D:2)
  2 dart slugs (D:1)
  2 orcs (D:3)
  4 ball pythons
  5 endoplasms
  2 giant cockroaches (D:1)
  4 goblins
  4 hobgoblins (D:1)
  3 jackals (D:1)
  2 quokkas (D:1)
  2 bats (D:1)
  2 frilled lizards (D:1)
  A kobold (D:1)
  3 rats
40 creatures vanquished.

Notes
Turn   | Place    | Note
-------+----------+-------------------------------------------
     0 | D:1      | voltaire321 the Octopode Venom Mage began the quest for the
                  | Orb.
     0 | D:1      | Reached XP level 1. HP: 11/11 MP: 3/3
   153 | D:1      | Reached XP level 2. HP: 16/18 MP: 1/5
   203 | D:1      | Found Ugomm's Weapon Emporium.
   408 | D:1      | Reached XP level 3. HP: 22/22 MP: 4/6
   413 | D:1      | Reached skill level 1 in Fighting
   648 | D:1      | Found Seics's Distillery.
   738 | D:1      | Found Koofel's General Store.
   748 | D:1      | Reached skill level 4 in Poison Magic
   748 | D:1      | Bought a scroll of identify for 20 gold pieces
   945 | D:2      | Learned a level 2 spell: Poisonous Vapours
  1249 | D:2      | Reached XP level 4. HP: 13/28 MP: 4/7
  1601 | D:3      | Killed from afar by an orc wizard

Illustrated notes

Levels and vault maps discovered:
D:1:      wander_arrival_peaceful_grave, layout_loops_ring, serial_shops,
          nicolae_shop_bloodbath_and_beyond, shop, shop
D:2:      layout_loops_ring
D:3:      layout_loops_ring, nemelex_xobeh_ov_fountains_minmay,
          gammafunk_temple_overflow_elements, tso_altar,
          minmay_gold_behind_fungi, uniq_crazy_yiuf_cottage

Skill      XL: |  1  2  3 |
---------------+----------+-----
Stealth        | 3 |  3.4
Fighting       | 1 |  1.2
Poison Magic   | 4 |  4.1
Dodging        | |  2.4
Spellcasting   | |  2.3
Transmutations | |  1.8
Air Magic      | |  0.3

Action                     |  1- 3 |  4- 6 || total
---------------------------+-------+-------++-------
  Melee: Unarmed           |    35 |       ||    35
         Tentacles         |    15 |       ||    15
         Constrict         |    15 |       ||    15
         Falchion          |    21 |     7 ||    28
         Punch             |     1 |       ||     1
   Cast: Sting             |    31 |    10 ||    41
    Use: Scroll            |     2 |       ||     2
   Stab: Sleeping          |     4 |       ||     4
 Armour: Skin              |    10 |     1 ||    11
  Dodge: Dodged            |    45 |     3 ||    48

Table legend: (Time is in decaauts)
 A = Elapsed time spent in this place.
 B = Non-inter-level travel time spent in this place.
 C = Inter-level travel time spent in this place.
 D = Time resting spent in this place.
 E = Time spent auto-exploring this place.
 F = Levels seen in this place.
 G = Mean time per level.
                   A        B        C        D        E       F      G
               +--------+--------+--------+--------+--------+-----+--------+
         Total |   1606 |   1570 |     36 |     78 |   1169 |   3 |  535.3 |
       Dungeon |   1606 |   1570 |     36 |     78 |   1169 |   3 |  535.3 |
               +--------+--------+--------+--------+--------+-----+--------+

Top non-repeatable levels by time:
     D:1: 863 daAuts
     D:2: 705 daAuts
     D:3: 37 daAuts
